AoeStats
← AiM | CanvaL

Socotra

506610474Analyzed
4v4 RM · 18d ago on Sep 14, 2026· 29m 57s· 8 players
Game mode
Random Map
Map size
148×148
Population
200
Speed
Normal
Resources
Standard
Victory
Conquest
Starting age
Dark Age
Ending age
Imperial Age
RankedLock teamsTeams togetherTeam positionsShared explorationLock speedFull tech treeHidden civsTurbo modeCheats
Victory
Defeat
🇦🇺 Persians · Australia
1282
+14
🇦🇺 Japanese · Australia
1227
+16
🇩🇪 Shu · Germany
1198
+17
🇯🇵 Tatars · Japan
1189
+17
🇨🇳 Sicilians · China
1235
-16
🇪🇸 Britons · Spain
1230
-16
🇨🇱 Mongols · Chile
1223
-16
🇳🇱 Aztecs · Netherlands
1213
-16
AiM | CanvaL
6:03 Loom
11:01 Feudal Age
Mameluco adbuser
0:31 Loom
11:10 Feudal Age
19:31 Fletching
24:20 Castle Age
23:58 Double-Bit Axe
24:00 Horse Collar
26:13 Padded Archer Armor
Deathiscoming
9:43 Feudal Age
9:58 Man-at-Arms
10:24 Arson
10:57 Double-Bit Axe
17:08 Scale Mail Armor
17:13 Scale Mail Armor
19:37 Forging
20:48 Horse Collar
23:56 Castle Age
22:46 Fletching
24:02 Elite Skirmisher
24:47 Bodkin Arrow
莫挨老子
2:31 Loom
10:22 Feudal Age
Joshua1282289
5:02 Loom
27:38 Feudal Age
claretta's skirt
7:04 Loom
9:24 Feudal Age
9:55 Double-Bit Axe
14:01 Bloodlines
16:07 Scale Barding Armor
22:51 Castle Age
21:46 Gold Mining
22:28 Horse Collar
24:05 Wheelbarrow
23:37 Heavy Plow
24:02 Bow Saw
25:22 Forging
25:45 Chain Barding Armor
26:40 Husbandry
AOE2.GG | NONO
7:00 Loom
9:19 Feudal Age
10:58 Double-Bit Axe
15:12 Fletching
17:23 Padded Archer Armor
18:37 Wheelbarrow
21:23 Castle Age
19:50 Gold Mining
19:41 Horse Collar
21:28 Crossbowman
22:33 Thumb Ring
25:48 Bodkin Arrow
26:42 Bow Saw
27:37 Ballistics
Fragger 144
7:26 Loom
9:25 Feudal Age
10:34 Double-Bit Axe
18:26 Wheelbarrow
18:16 Gold Mining
18:22 Horse Collar
23:06 Castle Age
21:16 Fletching
21:26 Padded Archer Armor
23:11 Bloodlines
23:04 Town Watch
23:56 Bodkin Arrow
24:17 Leather Archer Armor
24:25 Husbandry
26:08 Gold Shaft Mining
27:13 Ballistics
29:44 Thumb Ring
Connection lost

Rejoining the realm…

Still unreachable

The connection could not be restored.

Session expired

The server has moved on; the page needs a fresh start.